 Dungeon Crawl Stone Soup version 0.31-a0-846-gb3bcc0d938 (webtiles) character file.

Game seed: 13739553577693287235

369 demibob the Cudgeller (level 6, 0/59 HPs)
             Began as a Troll Chaos Knight on Oct 3, 2023.
             Was a Plaything of Xom.
             Slain by a wight
             ... wielding a +5 short sword
              (6 damage)
             ... in a sewer.
             The game lasted 00:03:12 (1904 turns).

demibob the Cudgeller (Troll Chaos Knight)          Turns: 1904, Time: 00:03:13

Health: 0/59       AC:  6    Str: 21    XL:     6   Next: 41%
Magic:  5/5        EV: 10    Int:  8    God:    Xom [......]
Gold:   106        SH:  0    Dex: 11    Spells: 5/5 levels left

rFire   . . .        a - +1 mace (chaos)
rCold   . . .        (no shield)
rNeg    . . .        b - +2 robe
rPois   .            (helmet restricted)
rElec   .            (no cloak)
rCorr   .            (gloves unavailable)
SInv    .            (boots unavailable)
Will    .....        (no amulet)
Stlth   +            (no ring)
HPRegen 1.09/turn    (no ring)
MPRegen 0.09/turn

%: no passive effects
@: no status effects
A: large, unfitting armour, claws 3, regeneration 1, shaggy fur 1, tough skin 1
a: Renounce Religion


You were in a sewer.
You worshipped Xom.
You were a very special plaything of Xom.
You visited 1 branch of the dungeon, and saw 3 of its levels.
You also visited: Sewer.

You collected 106 gold pieces.


Innate Abilities, Weirdness & Mutations

You are too large for most types of armour.
You have claws for hands.
Your natural rate of healing is unusually fast.
You are covered in fur. (AC +1)
You have tough skin. (AC +1)


   Skills:
 - Level 2.4 Fighting
 + Level 6.7 Maces & Flails
 - Level 1.9 Dodging


You had 5 spell levels left.
You didn't know any spells.
Your spell library contained the following spells:

 Spells                   Type           Power      Damage    Failure   Level
 Wereblood                Tmut           0%         N/A       54%         2
 Irradiate                Conj/Tmut      0%         3d11      100%        5

Inventory:

Hand Weapons
 a - a +1 mace of chaos (weapon)
Armour
 b - a +2 robe (worn)
Magical Staves
 f - a staff of conjuration {!a}
Jewellery
 R - a ring of resist corrosion
Scrolls
 d - a scroll of identify {@r1}

Dungeon Overview and Level Annotations

Branches:
Dungeon (3/15)              Sewer (1/1)

Altars:

Annotations:
Sewer Grinder

#......#≈≈~#.....)#~~~#
#+#######≈#######)#.~~#
.....#..)#†.)...#~≈≈#
~~..~....)≈≈~≈.≈~≈~≈#
~≈~≈≈#...#≈≈≈≈≈~#≈≈≈#
#####▒▒'▒▒###########
▒▒▒ ▒▒▒...▒▒▒ ▒▒▒▒▒
~≈~≈~▒...)...▒≈≈≈~≈≈
.....'5@.....'...5..
.....'.z.⚑.⌠.'...K..
.....'.......'.....5
~~≈~~▒..⌠.⌠..▒≈≈≈≈≈≈
▒▒▒▒▒▒▒.....▒▒▒▒▒▒▒▒
▒▒'''▒▒ ≈...~ ▒≈...~▒


You could see Grinder and a wight (fast).


Message History

Grinder is heavily wounded.
Grinder blinks!
The shadow imp hits you.
* * * LOW HITPOINT WARNING * * *
Unknown command.
You feel better. The shadow imp closely misses you.
You hit the shadow imp.
The shadow imp is poisoned.
The shadow imp is almost dead.
You kill the shadow imp!
Grinder gestures at you.
You suddenly lose the ability to move!
The wight throws a stone.
The stone hits you.
* * * LOW HITPOINT WARNING * * *
Xom's power touches on a nearby monster.
The wight seems to speed up.
The wight throws a stone.
The stone hits you.
* * * LOW HITPOINT WARNING * * *
Grinder hits you but does no damage. Grinder hits you.
* * * LOW HITPOINT WARNING * * *
You writhe in agony.
* * * LOW HITPOINT WARNING * * *
The wight hits you with a +5 short sword.
* * * LOW HITPOINT WARNING * * *
You can move again.
Okay, then.
You hit Grinder.
Grinder is heavily wounded.
Grinder hits you but does no damage.
The wight hits you with a +5 short sword.
You die...
Xom chuckles heartily!

Skill      XL: |  1  2  3  4  5 |
---------------+----------------+-----
Maces & Flails | 3 5 6 |  6.7
Fighting       | |  2.4
Dodging        | |  1.9

Action                     |  1- 3 |  4- 6 || total
---------------------------+-------+-------++-------
  Melee: Mace              |    63 |   202 ||   265
    Use: Scroll            |     2 |     3 ||     5
         Potion            |     1 |     3 ||     4
   Stab: Sleeping          |     1 |     1 ||     2
         Confused          |       |     1 ||     1
 Armour: Robe              |    55 |   239 ||   294
  Dodge: Dodged            |    48 |   141 ||   189

Levels and vault maps discovered:
D:1:      nzn_arrival_depleted_hourglass, layout_basic, nicolae_eternal_life
D:2:      layout_loops_cross
D:3:      layout_basic, serial_undead, serial_undead_f, serial_undead_d,
          serial_undead_a, serial_undead_a, serial_undead_e, serial_undead_f,
          portal_sewer_entry_d, dk_noncrumbling_3,
          minmay_misc_feat_more_columns, uniq_ijyb
Sewer:    kennysheep_sewer_church

Notes
Turn   | Place    | Note
-------+----------+-------------------------------------------
     0 | D:1      | demibob the Troll Chaos Knight began the quest for the Orb.
     0 | D:1      | Reached XP level 1. HP: 22/22 MP: 0/0
   249 | D:1      | Reached skill level 3 in Maces & Flails
   324 | D:1      | Reached XP level 2. HP: 29/29 MP: 1/1
   859 | D:2      | a ball python changed into a shapeshifter
   859 | D:2      | Noticed a shapeshifter (shapeshifter)
   859 | D:2      | a shapeshifter changed into a basilisk
   859 | D:2      | Noticed a basilisk (shapeshifter)
   863 | D:2      | HP: 2/29 [basilisk (shapeshifter) (14)]
   889 | D:2      | Noticed a water moccasin
   890 | D:2      | a water moccasin changed into a swamp drake
   890 | D:2      | Noticed a swamp drake (shapeshifter)
   894 | D:2      | XOM: silly message
   897 | D:2      | a swamp drake changed into a sky beast
   897 | D:2      | Noticed a sky beast (shapeshifter)
   898 | D:2      | Killed a sky beast
   899 | D:2      | Reached skill level 5 in Maces & Flails
   899 | D:2      | Reached XP level 3. HP: 34/36 MP: 2/2
   899 | D:2      | Reached XP level 4. HP: 42/44 MP: 3/3
   999 | D:2      | Reached XP level 5. HP: 50/50 MP: 4/4
  1611 | D:3      | Found a glowing drain.
  1623 | Sewer    | Entered a sewer
  1725 | Sewer    | XOM: potion effect (brilliance)
  1731 | Sewer    | XOM: smoke on damage
  1785 | Sewer    | Noticed a phantom
  1795 | Sewer    | XOM: torment (26/50 hp)
  1802 | Sewer    | Reached skill level 6 in Maces & Flails
  1802 | Sewer    | Reached XP level 6. HP: 45/59 MP: 5/5
  1830 | Sewer    | Found an ancient bone altar of Kikubaaqudgha.
  1837 | Sewer    | Noticed Grinder
  1899 | Sewer    | Paralysed by Grinder for 5 turns
  1901 | Sewer    | XOM: enchant monster (bad)
  1903 | Sewer    | HP: 5/59 [wight/+5 short sword (4)]
  1904 | Sewer    | Slain by a wight

Vanquished Creatures
  A phantom (Sewer)
  A wight (Sewer)
  6 adders
  5 shadow imps (Sewer)
  A dart slug (D:2)
  6 ball pythons
  4 endoplasms
  2 giant cockroaches
  3 hobgoblins (D:1)
  2 quokkas (D:1)
  A ball python skeleton (D:3)
  A ball python zombie (D:3)
  7 bats
  7 goblins
  18 kobolds
  3 kobold zombies (Sewer)
  A quokka zombie (D:3)
  A rat (D:2)
70 creatures vanquished.

Vanquished Creatures (collateral kills)
  A sky beast (shapeshifter) (D:2)
1 creature vanquished.

Grand Total: 71 creatures vanquished

Table legend: (Time is in decaauts)
 A = Elapsed time spent in this place.
 B = Non-inter-level travel time spent in this place.
 C = Inter-level travel time spent in this place.
 D = Time resting spent in this place.
 E = Time spent auto-exploring this place.
 F = Levels seen in this place.
 G = Mean time per level.
                   A        B        C        D        E       F      G
               +--------+--------+--------+--------+--------+-----+--------+
         Total |   1940 |   1906 |     34 |     10 |   1319 |   4 |  485.0 |
       Dungeon |   1647 |   1613 |     34 |      0 |   1232 |   3 |  549.0 |
         Sewer |    293 |    293 |      0 |     10 |     87 |   1 |  293.0 |
               +--------+--------+--------+--------+--------+-----+--------+

Top non-repeatable levels by time:
     D:1: 849 daAuts
     D:2: 674 daAuts
   Sewer: 293 daAuts
     D:3: 123 daAuts

Table legend:
 A = Non-vault XP
 B = Vault XP
 C = Vault XP percentage of total XP
 D = Non-vault monster count
 E = Vault monster count
 F = Vault count percentage of total count
                 A         B        C        D         E       F
            +---------+---------+-------+---------+---------+-------
      Total |     251 |     277 |  52.5 |      37 |      33 |  47.1
            +---------+---------+-------+---------+---------+-------
        D:1 |      22 |       0 |   0.0 |      13 |       0 |   0.0
        D:2 |     209 |       0 |   0.0 |      19 |       0 |   0.0
        D:3 |      20 |      16 |  44.4 |       5 |       4 |  44.4
      Sewer |       0 |     261 | 100.0 |       0 |      29 | 100.0
            +---------+---------+-------+---------+---------+-------
